 Dungeon Crawl Stone Soup version 0.19.1-1-g22dce08 (webtiles) character file.

156 kosy22 the Chopper (level 5, -3/53 HPs)
             Began as a Troll Monk on Jan 8, 2017.
             Splashed by a jelly's acid (9 damage)
             ... on level 5 of the Dungeon.
             The game lasted 00:05:37 (2004 turns).

kosy22 the Chopper (Troll Monk)                     Turns: 2004, Time: 00:05:37

Health: -3/53      AC: -3    Str: 20    XL:     5   Next: 15%
Magic:  4/4        EV: 11    Int:  6    God:
Gold:   93         SH:  0    Dex: 12    Spells: 0 memorised, 4 levels left

rFire  . . .     SeeInvis .     a - +0 hand axe
rCold  . . .     Gourm    +     b - +0 robe
rNeg   . . .     Faith    .     (no shield)
rPois  .         Spirit   .     (helmet restricted)
rElec  .         Reflect  .     (no cloak)
rCorr  .         Harm     .     (gloves unavailable)
MR     .....                    (boots unavailable)
Stlth  ++........               (no amulet)
                                (no ring)
                                (no ring)

@: corroded
A: unfitting armour, claws 3, fast metabolism 3, gourmand, regeneration 1,
shaggy fur 1, tough skin 2
a: no special abilities


You were on level 5 of the Dungeon.
You were full.

You visited 1 branch of the dungeon, and saw 4 of its levels.

You collected 93 gold pieces.

Inventory:

Hand Weapons
 a - a +0 hand axe (weapon)
Armour
 b - a +0 robe (worn)
Jewellery
 q - a +2 ring of dexterity {unknown}
Wands
 n - a wand of flame (14/48)
Scrolls
 e - 2 scrolls of identify {unknown}
 f - a scroll of blinking {unknown}
 h - 2 scrolls of teleportation
 j - a scroll of random uselessness {unknown}
 m - a scroll of amnesia {unknown}
 o - a scroll of enchant armour {unknown}
Potions
 d - a potion of curing
 g - a potion of berserk rage {unknown}
 k - a potion of invisibility {unknown}
 p - a potion of magic {unknown}
Comestibles
 c - 2 bread rations
 i - a slice of pizza
 l - a beef jerky


   Skills:
 + Level 3.0 Fighting
 + Level 3.6 Axes
 + Level 3.2 Dodging
 + Level 1.3 Stealth


You had 4 spell levels left.
You didn't know any spells.

Dungeon Overview and Level Annotations

Branches:
Dungeon (3/15)

Altars:
Ru


Innate Abilities, Weirdness & Mutations

You are too large for most types of armour.
You have claws for hands.
Your metabolism is lightning-fast.
You like to eat raw meat.
Your natural rate of healing is unusually fast.
You are covered in fur. (AC +1)
You have very tough skin. (AC +2)


Message History

The hound zombie is almost destroyed.
You barely miss the jelly. The hound zombie misses you.
The jelly hits you but does no damage.
The hound zombie bites you but does no damage.
You barely miss the hound zombie.
The hound zombie is almost destroyed.
You barely miss the jelly. The hound zombie completely misses you.
The jelly hits you. The acid corrodes you!
You are splashed with acid!
The acid burns!
* * * LOW HITPOINT WARNING * * *
You hit the hound zombie.
The hound zombie is almost destroyed.
You hit the jelly but do no damage. The acid corrodes you!
Your claws burn!
* * * LOW HITPOINT WARNING * * *
The hound zombie bites you.
* * * LOW HITPOINT WARNING * * *
The jelly hits you.
* * * LOW HITPOINT WARNING * * *
You are splashed with acid!
The acid burns!
You die...

..........#+##
.............. #.
.......#...... .#.
.......#......#######...
.....+.. #.)........
...#.#####.)........
####.#.....#..........
..#..............)......
.......@Z._.............
........J.....#########'
..#...........# #......
. #........##.####......
####....... ..........
##.........##..$...
#.........#......o
#..........#.#####.
#.#...(.... #.


You could see a jelly and a hound zombie.

Vanquished Creatures
  An orc priest (D:5)
  An orc wizard (D:5)
  5 adders (D:2)
  An ooze (D:1)
  2 worms (D:2)
  2 dart slugs
  A leopard gecko (D:1)
  2 orcs
  2 goblins (D:1)
  9 hobgoblins
  4 jackals (D:2)
  A quokka (D:2)
  A ball python (D:2)
  3 bats (D:2)
  A frilled lizard (D:2)
  6 kobolds
  3 rats
45 creatures vanquished.

Notes
Turn   | Place    | Note
-------+----------+-------------------------------------------
     0 | D:1      | kosy22 the Troll Monk began the quest for the Orb.
     0 | D:1      | Reached XP level 1. HP: 22/22 MP: 0/0
   206 | D:1      | Reached XP level 2. HP: 18/29 MP: 1/1
   829 | D:2      | Reached XP level 3. HP: 22/36 MP: 2/2
  1332 | D:2      | Reached XP level 4. HP: 10/44 MP: 3/3
  1859 | D:3      | You fall through a shaft for 2 floors!
  1859 | D:5      | Entered Level 5 of the Dungeon
  1880 | D:5      | Found a sacrificial altar of Ru.
  1973 | D:5      | Reached XP level 5. HP: 17/53 MP: 4/4
  2004 | D:5      | Splashed by a jelly's acid

Skill      XL: |  1  2  3  4 |
---------------+-------------+-----
Dodging        | 3 |  3.2
Axes           | 3 |  3.6
Fighting       | 3 |  3.0
Stealth        | |  1.3

Action                   |  1- 3 |  4- 6 || total
-------------------------+-------+-------++-------
Melee: Hand axe          |   131 |    87 ||   218
  Use: Potion            |       |     2 ||     2
       Scroll            |       |     1 ||     1
 Stab: Sleeping          |     2 |       ||     2
  Eat: Chunk             |     6 |    11 ||    17
       Bread ration      |     1 |       ||     1
Armor: Robe              |    40 |    49 ||    89
Dodge: Dodged            |    79 |    81 ||   160
